 Dungeon Crawl Stone Soup version 0.14.2 (webtiles) character file.

163 FuckCats the Insei (level 4, 0/35 HPs)
             Began as a Mummy Monk on Jan 30, 2016.
             Slain by an orc
             ... wielding a +0,+1 dagger
              (6 damage)
             ... on Level 2 of the Dungeon.
             The game lasted 00:03:19 (3048 turns).

FuckCats the Insei (Mummy Monk)                     Turns: 3048, Time: 00:03:19

HP   0/35        AC  1     Str 14      XL: 4   Next:  9%
MP   4/4         EV 13     Int  9      God:
Gold 89          SH  0     Dex 15      Spells:  0 memorised,  3 levels left

rFire  x . .     SeeInvis .       - Unarmed
rCold  + . .     Clarity  .     (no armour)
rNeg   + + +     Conserve .     (no shield)
rPois  +         rCorr    .     d - +0 helmet
rElec  .         rRot     +     (no cloak)
SustAb . .       Spirit   .     (no gloves)
rMut   .         Warding  .     (no boots)
Saprov . . .     Stasis   .     (no amulet)
MR     .....                    (no ring)
                                (no ring)

@: not resistant to hostile enchantments, fairly stealthy
A: no food or potions, fire vulnerability, restore body, cold resistance 1, life
protection 3, poison resistance, torment resistance, unbreathing
a: no special abilities


You were on level 2 of the Dungeon.
You were not hungry.

You visited 1 branch of the dungeon, and saw 3 of its levels.

You collected 89 gold pieces.


Innate Abilities, Weirdness & Mutations

You do not eat or drink.
Your flesh is vulnerable to fire.
Your flesh is cold resistant.
You are immune to negative energy.
Your system is resistant to poisons.
You are immune to unholy pain and torment.
You can survive without breathing.


   Skills:
 - Level 3.0 Fighting
 - Level 2.4 Dodging
 - Level 1.5 Stealth
 + Level 4.6 Unarmed Combat


You had 3 spell levels left.
You didn't know any spells.

Inventory:

Missiles
 b - 16 arrows (quivered)
Armour
 d - a +0 helmet (worn)
Scrolls
 a - 5 scrolls of identify {unknown}
 c - a scroll of enchant armour {unknown}
 e - a scroll of random uselessness {unknown}
 f - a scroll of enchant weapon I {unknown}
 g - a scroll of teleportation {unknown}
 h - 2 scrolls of remove curse {unknown}

Dungeon Overview and Level Annotations

Branches:
Dungeon (3/15)

Altars:
Elyvilon
Kikubaaqudgha

····▒ ▒··▒▒·····▒▒·······▒
····▒ ▒··▒▒·····▒▒·······▒
····▒ ▒·%▒▒·····▒▒·······▒
····▒▒▒··▒▒·····▒▒·······▒
·········▒▒·····▒▒·······▒
▒▒·▒▒▒▒·▒▒▒·····▒▒·······▒
▒▒·▒▒▒▒·▒▒▒·····▒▒·······▒
················▒▒·▒▒▒·▒▒▒
········%·······Mob····▒
▒·····▒·▒▒▒·····▒▒·▒▒▒▒▒
▒·····▒·▒ ▒▒▒▒▒▒▒▒·▒
▒·····▒·▒ ▒·▒ ▒·····▒·▒
▒·▒ ▒·····▒·▒ ▒·▒
▒·····▒·▒ ▒▒▒▒·▒▒▒▒
▒·····▒·▒▒▒▒▒▒▒·······▒
······▒···············▒


You could see an orc and a bat.


Message History

The bat barely misses you. The orc hits you with a dagger.
* * * LOW HITPOINT WARNING * * *
You closely miss the orc. The bat barely misses you. The orc barely misses you.
You hit the orc but do no damage. The bat hits you but does no damage.
The orc hits you with a dagger.
* * * LOW HITPOINT WARNING * * *
Here: an orc, wielding a dagger and wearing a chain mail The floor.
Unknown command.
The bat barely misses you. The bat completely misses you.
The bat barely misses you. The orc misses you. The bat hits you.
* * * LOW HITPOINT WARNING * * *
The bat barely misses you. The bat hits you.
* * * LOW HITPOINT WARNING * * *
The bat closely misses you. The bat hits you but does no damage.
The bat barely misses you. The bat completely misses you.
The bat hits you but does no damage. The bat hits you.
* * * LOW HITPOINT WARNING * * *
The bat completely misses you.
You swing at nothing.
The bat barely misses you.
You hit the orc but do no damage. You hit the orc.
The orc is moderately wounded.
The orc hits you with a dagger.
You die...

Action                   |  1- 3 |  4- 6 || total
-------------------------+-------+-------++-------
Melee: Unarmed           |   181 |    21 ||   202
 Stab: Sleeping          |     2 |       ||     2

Vault maps used:
D:1:      onia_arrival_mini_maze, minmay_crystal_water, serial_bayou_crossing
D:2:      old_standard_altar, first_bread, tgw_kikubaaqudgha

Notes
Turn   | Place    | Note
--------------------------------------------------------------
     0 | D:1      | FuckCats, the Mummy Monk, began the quest for the Orb.
     0 | D:1      | Reached XP level 1. HP: 18/18 MP: 1/1
   224 | D:1      | Reached XP level 2. HP: 20/24 MP: 2/2
   922 | D:1      | Reached skill level 4 in Unarmed Combat
  1283 | D:1      | Reached XP level 3. HP: 25/29 MP: 3/3
  1399 | D:2      | Found a white marble altar of Elyvilon.
  1900 | D:2      | Found an ancient bone altar of Kikubaaqudgha.
  1901 | D:2      | Noticed a human
  1904 | D:2      | Killed a human
  2505 | D:3      | Reached XP level 4. HP: 32/35 MP: 4/4
  3048 | D:2      | Slain by an orc

Vanquished Creatures
  2 adders
  An ooze (D:1)
  4 orcs
  3 giant cockroaches (D:1)
  8 hobgoblins
  6 jackals (D:2)
  A ball python (D:2)
  3 bats
  A giant gecko (D:2)
  A giant newt (D:3)
  8 goblins (D:1)
  6 kobolds
  4 rats
48 creatures vanquished.

Vanquished Creatures (others)
  A human (D:2)
1 creature vanquished.

Grand Total: 49 creatures vanquished
